 Dungeon Crawl Stone Soup version 0.29-a0-266-gf56f883ddd (webtiles) character file.

Game seed: 11837826768724642861

3364 Armakuni the Thaumaturge (level 9, -4/47 HPs)
             Began as a Deep Elf Wanderer on Mar 5, 2022.
             Was an Initiate of Gozag.
             Engulfed by a steam dragon's steam (9 damage)
             ... on level 7 of the Dungeon on Mar 6, 2022.
             The game lasted 00:20:55 (10350 turns).

Armakuni the Thaumaturge (Deep Elf Wanderer)       Turns: 10350, Time: 00:20:56

Health: -4/47      AC:  4    Str: 15    XL:     9   Next: 73%
Magic:  13/25      EV: 12    Int: 17    God:    Gozag
Gold:   237        SH:  0    Dex: 19    Spells: 24/28 levels left

rFire   . . .      SeeInvis +   a - +6 short sword of Crystal {venom, *Noise Dex+6}
rCold   . . .      Faith    .   (no shield)
rNeg    . . .      Spirit   .   d - +0 robe
rPois   +          Reflect  .   (no helmet)
rElec   .          Harm     .   (no cloak)
rCorr   .          Rampage  .   g - +1 pair of gloves
Will    .....                   (no boots)
Stlth   ++........              (no amulet)
HPRegen 0.15/turn               I - ring of see invisible
MPRegen 0.19/turn               P - ring of poison resistance

@: no status effects
A: no striking features
a: Renounce Religion, Potion Petition, Call Merchant, Bribe Branch


You were on level 7 of the Dungeon.
You worshipped Gozag.
Gozag was aware of your devotion.
You visited 2 branches of the dungeon, and saw 8 of its levels.
You also visited: Ossuary.

You collected 333 gold pieces.
You paid 96 gold pieces to Gozag.

Inventory:

Hand Weapons
 a - the +6 short sword of Crystal (weapon) {venom, *Noise Dex+6}
   (You found it on level 3 of the Dungeon)

   It poisons the flesh of those it strikes.
   Dex:       It affects your dexterity (+6).
   *Noise:    It may make noises in combat.
 u - a +7 spear
Missiles
 t - 6 poisoned darts
Armour
 d - a +0 robe (worn)
 f - a +0 ring mail
 g - a +1 pair of gloves (worn)
Magical Staves
 l - a staff of air
Jewellery
 F - a ring of protection from fire
 I - a ring of see invisible (left hand)
 P - a ring of poison resistance (right hand)
Wands
 h - a wand of acid (11)
 k - a wand of digging (3)
 p - a wand of paralysis (3)
 q - a wand of flame (25)
 x - a wand of iceblast (9)
Scrolls
 b - 5 scrolls of identify
 c - 2 scrolls of fear
 i - 5 scrolls of blinking
 j - 3 scrolls of fog
 m - 2 scrolls of enchant weapon
 n - a scroll of immolation
 o - 2 scrolls of noise
 w - 2 scrolls of teleportation
 y - a scroll of amnesia {unknown}
 A - a scroll of enchant armour
Potions
 e - a potion of haste
 r - 2 potions of curing
 s - 3 potions of might
 v - a potion of flight
 z - a potion of lignification


   Skills:
 - Level 1.4 Fighting
 - Level 4.5 Crossbows
 - Level 1.0 Throwing
 - Level 1.2 Dodging
 - Level 10.0 Spellcasting
 + Level 8.8 Conjurations
 + Level 8.8 Earth Magic
 + Level 2.0 Evocations


You had 24 spell levels left.
You knew the following spells:

 Your Spells              Type           Power      Damage    Failure   Level
a - Shock                 Conj/Air       92%        1d8       1%          1
z - Stone Arrow           Conj/Erth      76%        3d11      1%          3

Your spell library contained the following spells:

 Spells                   Type           Power      Damage    Failure   Level
 Corpse Rot               Necr/Air       16%        N/A       13%         2
 Poisonous Vapours        Pois/Air       16%        N/A       13%         2


Dungeon Overview and Level Annotations

Branches:
Dungeon (7/15)             Temple (1/1) D:6         Ossuary (visited)

Altars:
Ashenzari
Cheibriados
Dithmenos
Elyvilon
Fedhas
Gozag
Kikubaaqudgha
Makhleb
Nemelex Xobeh
Okawaru
Qazlal
Ru
Sif Muna
Trog
Uskayaw
Vehumet
Wu Jian
Xom
Yredelemnul
Zin

Shops:
D:1 *   D:2 (   D:4 (


Message History

Found a stone staircase leading up.
There is an escape hatch in the ceiling here.
Found 13 stones.
A steam dragon comes into view.
Aiming: Stone Arrow (safe; 1% risk of failure)
Press: ? - help, Q - select action, (/) - cycle Shift-Dir - straight line, f - you
Okay, then.
Found a crystal trident.
The steam dragon hisses angrily.
The steam dragon breathes steam at you. The ball of steam hits you!
You hear a croak.
Aiming: Stone Arrow (safe; 1% risk of failure)
Press: ? - help, Q - select action, (/) - cycle Shift-Dir - straight line, f - steam dragon
Aim: a steam dragon (catching its breath, 74% to hit)
The stone arrow hits the steam dragon!
The steam dragon is moderately wounded.
You are engulfed in a cloud of scalding steam.
Aiming: Stone Arrow (safe; 1% risk of failure)
Press: ? - help, Q - select action, (/) - cycle Shift-Dir - straight line, f/p - steam dragon
Aim: a steam dragon (steam, moderately wounded, 74% to hit)
The stone arrow hits the steam dragon!!
The steam dragon is almost dead.
You are engulfed in a cloud of scalding steam.
The steam dragon breathes steam at you. The ball of steam hits you!
* * * LOW HITPOINT WARNING * * *
Aiming: Stone Arrow (safe; 1% risk of failure)
Press: ? - help, Q - select action, (/) - cycle Shift-Dir - straight line, f/p - steam dragon
Aim: a steam dragon (steam, almost dead, catching its breath, 74% to hit)
The stone arrow misses the steam dragon.
You are engulfed in a cloud of scalding steam.
* * * LOW HITPOINT WARNING * * *
Aiming: Stone Arrow (safe; 1% risk of failure)
Press: ? - help, Q - select action, (/) - cycle Shift-Dir - straight line, f/p - steam dragon
Aim: a steam dragon (almost dead, 74% to hit)
The stone arrow misses the steam dragon.
You are engulfed in a cloud of scalding steam.
You die...
Your body crumbles into a pile of gold.

...........###### #
........##.....## #
......# #.##### #
......)###># #
.......#...# #
.......#...# #####
#...§.#...#########..<.
#..§D§#................
#.....@.....#######....
.........§..(.# #....
##.$..........# #....
#............# #....
##..........## #....
##...##...## #.... ####
##### #.... ####


You could see a steam dragon.

Vanquished Creatures
  Prince Ribbit (D:5)
  Grinder (D:5)
  2 wraiths (Ossuary)
  A wyvern (D:6)
  Eustachio (D:5)
  A water moccasin (D:5)
  4 black bears
  An ice beast (D:5)
  2 ogres
  2 centaurs (D:5)
  A phantom (D:5)
  5 scorpions
  3 wights (Ossuary)
  A water moccasin skeleton (D:4)
  4 killer bees (D:5)
  2 bullfrog zombies (D:4)
  A hound (D:6)
  2 gnoll shamans
  2 orc priests (D:6)
  2 jellies
  6 iguanas
  An orc wizard (D:6)
  A scorpion zombie (D:4)
  A hound zombie (D:4)
  A mummy (D:6)
  8 gnolls
  7 adders
  A shadow imp (D:6)
  A white imp (D:6)
  An ufetubus (D:6)
  4 adder zombies (D:4)
  An adder skeleton (D:4)
  2 worms
  4 dart slugs
  3 orcs
  6 bats
  6 endoplasms
  3 giant cockroaches
  7 goblins
  7 hobgoblins
  2 jackals (D:3)
  8 quokkas
  5 ball pythons
  A ball python skeleton (Ossuary)
  3 frilled lizards (D:2)
  2 hobgoblin skeletons (Ossuary)
  2 hobgoblin zombies (Ossuary)
  A jackal zombie (D:4)
  4 kobolds
  A kobold zombie (D:6)
  3 orc skeletons (Ossuary)
  2 orc zombies
  11 rats
155 creatures vanquished.

Vanquished Creatures (others)
  5 fungi (D:6)
  A withered plant (D:4)
6 creatures vanquished.

Grand Total: 161 creatures vanquished

Notes
Turn   | Place    | Note
-------+----------+-------------------------------------------
     0 | D:1      | Armakuni the Deep Elf Wanderer began the quest for the Orb.
     0 | D:1      | Armakuni set off with the following items: a +2 hand
                  | crossbow, 10 poisoned darts, a +0 dagger, a +0 robe; and
                  | the following spell memorised: Shock; and the following
                  | spells available to memorise: Stone Arrow
     0 | D:1      | Reached XP level 1. HP: 10/10 MP: 5/5
   296 | D:1      | Found a faded altar of an unknown god.
   296 | D:1      | Noticed an eye of devastation
   511 | D:1      | Noticed a floating eye
   522 | D:1      | Noticed a great orb of eyes
   913 | D:1      | Reached XP level 2. HP: 16/16 MP: 6/6
  1022 | D:1      | Reached skill level 1 in Fighting
  1235 | D:1      | Noticed a great orb of eyes
  1381 | D:1      | Found Liut's Assorted Antiques.
  1689 | D:1      | Reached XP level 3. HP: 20/20 MP: 7/7
  1941 | D:1      | Learned a level 3 spell: Stone Arrow
  2223 | D:2      | Found Pazi's Antique Weapon Shop.
  2381 | D:2      | Reached skill level 2 in Spellcasting
  2517 | D:2      | Reached skill level 1 in Earth Magic
  3170 | D:2      | Found an iron altar of Okawaru.
  3463 | D:3      | Reached XP level 4. HP: 20/25 MP: 5/10
  3686 | D:3      | Identified the +6 short sword of Crystal {venom, *Noise
                  | Dex+6}
  3706 | D:3      | Noticed a black bear
  3736 | D:3      | Killed a black bear
  3737 | D:3      | Reached skill level 3 in Spellcasting
  3737 | D:3      | Reached XP level 5. HP: 29/29 MP: 7/12
  4569 | D:4      | Noticed a black bear
  4569 | D:4      | Found Ineiwur's Weapon Shop.
  4578 | D:4      | Killed a black bear
  4579 | D:4      | Reached skill level 4 in Spellcasting
  4579 | D:4      | Reached XP level 6. HP: 34/34 MP: 9/14
  5381 | D:4      | Reached skill level 5 in Spellcasting
  5721 | D:4      | Found an ornate altar of the Wu Jian Council.
  6214 | D:5      | Entered Level 5 of the Dungeon
  6277 | D:5      | Reached XP level 7. HP: 38/38 MP: 9/17
  6337 | D:5      | Noticed Eustachio
  6346 | D:5      | Killed Eustachio
  6347 | D:5      | Reached skill level 5 in Conjurations
  6347 | D:5      | Reached skill level 5 in Earth Magic
  6351 | D:5      | Reached skill level 6 in Spellcasting
  6658 | D:5      | Noticed Grinder
  6666 | D:5      | Killed Grinder
  6757 | D:5      | Reached XP level 8. HP: 20/43 MP: 12/20
  7009 | D:5      | Reached skill level 7 in Spellcasting
  7373 | D:5      | Noticed Prince Ribbit
  7382 | D:5      | Killed Prince Ribbit
  7383 | D:5      | Reached skill level 8 in Spellcasting
  7856 | D:5      | Reached XP level 9. HP: 47/47 MP: 19/23
  8058 | D:6      | Reached skill level 9 in Spellcasting
  8496 | D:6      | Found a sand-covered staircase.
  8505 | Ossuary  | Entered an ossuary
  9071 | Ossuary  | Reached skill level 10 in Spellcasting
  9618 | D:6      | Reached skill level 1 in Evocations
  9767 | D:6      | Found a burning altar of Makhleb.
  9767 | D:6      | Found a radiant altar of Vehumet.
  9831 | D:6      | Found a glowing silver altar of Zin.
  9852 | D:6      | Found a sacrificial altar of Ru.
  9866 | D:6      | Found a staircase to the Ecumenical Temple.
  9875 | Temple   | Entered the Ecumenical Temple
 10062 | Temple   | Upgraded the game from 0.29-a0-251-g80730f7218 to
                  | 0.29-a0-266-gf56f883ddd
 10076 | Temple   | Became a worshipper of Gozag Ym Sagoz the Greedy
 10350 | D:7      | Engulfed by a steam dragon's steam

Illustrated notes

Levels and vault maps discovered:
D:1:      shiori_arrival_maze, layout_loops_corners,
          hellmonk_ecumenical_altar_watching_god, serial_shops, shop
D:2:      minmay_evil_eye, layout_loops_corners, basic_altar, serial_shops,
          nicolae_shop_advertising_works [nicolae_subvault_shop_adworks]
D:3:      layout_basic, columned_hall_lemuel
D:4:      layout_gridville, nicolae_wu_jian_immortal_techniques, serial_shops,
          nicolae_stop_n_shop_2, serial_undead, serial_undead_e,
          serial_undead_f, serial_undead_e, serial_undead_f, serial_undead_c,
          serial_undead_e, serial_undead_d
D:5:      layout_gridville, nrook_loot_triangle, uniq_prince_ribbit1,
          uniq_eustachio, uniq_grinder
D:6:      layout_basic, nicolae_overflow_quartered_altars, temple_statues,
          nicolae_ossuary_entry_giza, serial_aquarium, aquarium_bridge_straight
          [aquarium_subvault_bridge, aquarium_subvault_balcony,
          aquarium_subvault_bridge, aquarium_subvault_window],
          aquarium_window_3, aquarium_window_fake, aquarium_view_2e,
          aquarium_view_2d, aquarium_balcony_3b, aquarium_pool_2
D:7:      layout_rooms, minmay_misc_feat_iff
Temple:   regret_index_temple_generic_petals

Skill      XL: |  1  2  3  4  5  6  7  8  9 |
---------------+----------------------------+-----
Fighting       | 1 |  1.4
Conjurations   | 3 4 5 7 8 |  8.8
Spellcasting   | 2 3 4 5 6 8 10 | 10.0
Earth Magic    | 1 3 4 5 7 8 |  8.8
Evocations     | 2 |  2.0
Crossbows      | |  4.5
Throwing       | |  1.0
Dodging        | |  1.2

Action                   |  1- 3 |  4- 6 |  7- 9 || total
-------------------------+-------+-------+-------++-------
Melee: Dagger            |    35 |     3 |       ||    38
       Short sword       |       |    68 |    26 ||    94
       Punch             |       |     2 |       ||     2
Throw: Dart              |    72 |       |       ||    72
 Cast: Shock             |    56 |    18 |     1 ||    75
       Stone Arrow       |       |    17 |   114 ||   131
Evoke: Wand              |       |     4 |     9 ||    13
  Use: Scroll            |     4 |     6 |     4 ||    14
       Potion            |     2 |       |     2 ||     4
 Stab: Sleeping          |     1 |     1 |       ||     2
       Paralysed         |       |     6 |     5 ||    11
Armor: Robe              |    16 |     9 |    12 ||    37
Dodge: Dodged            |    43 |    34 |    30 ||   107

Table legend: (Time is in decaauts)
 A = Elapsed time spent in this place.
 B = Non-inter-level travel time spent in this place.
 C = Inter-level travel time spent in this place.
 D = Time resting spent in this place.
 E = Time spent auto-exploring this place.
 F = Levels seen in this place.
 G = Mean time per level.
                   A        B        C        D        E       F      G
               +--------+--------+--------+--------+--------+-----+--------+
         Total |  10356 |  10158 |    198 |   2799 |   5890 |   9 | 1150.7 |
       Dungeon |   9475 |   9293 |    182 |   2690 |   5283 |   7 | 1353.6 |
        Temple |    218 |    202 |     16 |      0 |    172 |   1 |  218.0 |
       Ossuary |    662 |    662 |      0 |    109 |    435 |   1 |  662.0 |
               +--------+--------+--------+--------+--------+-----+--------+

Top non-repeatable levels by time:
     D:1: 1938 daAuts
     D:5: 1798 daAuts
     D:4: 1648 daAuts
     D:2: 1438 daAuts
     D:6: 1302 daAuts
     D:3: 1189 daAuts
 Ossuary: 662 daAuts
  Temple: 218 daAuts
     D:7: 159 daAuts
